 Dungeon Crawl Stone Soup version 0.29.1-15-g9cfb28693d (webtiles) character file.

Game seed: 8299793153680325498

16 Achh the Trooper (level 2, -19/24 HPs)
             Began as a Human Fighter on Mar 14, 2023.
             Demolished by a kobold
             ... wielding a +1 dagger of electrocution
              (20 damage)
             ... on level 1 of the Dungeon on Mar 15, 2023.
             The game lasted 00:02:08 (510 turns).

Achh the Trooper (Human Fighter)                     Turns: 510, Time: 00:02:09

Health: -19/24     AC:  6    Str: 16    XL:     2   Next: 75%
Magic:  2/2        EV:  8    Int:  8    God:
Gold:   48         SH:  4    Dex: 12    Spells: 1/1 levels left

rFire   . . .      SeeInvis .   a - +0 long sword
rCold   . . .      Faith    .   c - +0 buckler
rNeg    . . .      Spirit   .   b - +0 scale mail
rPois   .          Reflect  .   (no helmet)
rElec   .          Harm     .   (no cloak)
rCorr   .          Rampage  .   (no gloves)
Will    .....                   (no boots)
Stlth   ..........              (no amulet)
HPRegen 0.08/turn               (no ring)
MPRegen 0.08/turn               (no ring)

@: no status effects
A: no striking features
a: no special abilities


You were on level 1 of the Dungeon.
You visited 1 branch of the dungeon, and saw 2 of its levels.

You collected 48 gold pieces.

Inventory:

Hand Weapons
 a - a +0 long sword (weapon)
Armour
 b - a +0 scale mail (worn)
 c - a +0 buckler (worn)
Scrolls
 f - 3 scrolls of teleportation {unknown}
Potions
 d - a potion of might
 e - a potion of mutation {unknown}
 g - a potion of attraction {unknown}
 h - a potion of haste {unknown}


   Skills:
 + Level 3.3 Fighting
 + Level 2.1 Long Blades
 + Level 3.2 Armour
 + Level 3.2 Shields


You had one spell level left.
You didn't know any spells.
Your spell library was empty.

Dungeon Overview and Level Annotations

Branches:
Dungeon (2/15)

Altars:


Message History

You see here a +0 whip.
f - 2 scrolls labelled PIT URHOISIFIMITOO (gained 1)
f - 3 scrolls labelled PIT URHOISIFIMITOO (gained 1)
Found a dagger.
You now have 48 gold pieces (gained 11).
You open the door.
There is an open door here.
A rat comes into view.
The rat bites you but does no damage.
You hit the rat but do no damage. You block the rat's attack.
The rat bites you but does no damage.
You hit the rat.
The rat is moderately wounded.
You block the rat's attack.
You barely miss the rat.
The rat is moderately wounded.
You block the rat's attack.
You hit the rat.
You kill the rat!
You see here a rat corpse.
A kobold comes into view.
It is wielding a +1 dagger of electrocution.
The kobold shouts!
The kobold hits you but does no damage.
You hit the kobold but do no damage.
The kobold hits you with a +1 dagger of electrocution.
You are electrocuted!
Ouch! That really hurt!
* * * LOW HITPOINT WARNING * * *
You barely miss the kobold. The kobold barely misses you.
You closely miss the kobold.
The kobold hits you with a +1 dagger of electrocution.
* * * LOW HITPOINT WARNING * * *
You hit the kobold.
The kobold is heavily wounded.
The kobold hits you but does no damage. The kobold barely misses you.
You closely miss the kobold.
The kobold is heavily wounded.
The kobold hits you but does no damage.
You are electrocuted!!
Ouch! That really hurt!
You die...

.#.#.# .....#
##.### #†#
#.###############
#...............#
########..######.#
#....# #..# #.#
..##.# #..# #@#
####.# #..# #K#
.....###..# #.#
..........# #.#
########.## #.#
.......#. ..#
######.## ### #
#.# # #.#


You could see a kobold.

Vanquished Creatures
  A ball python (D:1)
  An endoplasm (D:1)
  2 giant cockroaches (D:1)
  A hobgoblin (D:1)
  A quokka (D:1)
  A bat (D:2)
  A frilled lizard (D:1)
  4 kobolds
  3 rats
15 creatures vanquished.

Notes
Turn   | Place    | Note
-------+----------+-------------------------------------------
     0 | D:1      | Achh the Human Fighter began the quest for the Orb.
     0 | D:1      | Reached XP level 1. HP: 18/18 MP: 1/1
    99 | D:1      | You fall into a shaft and drop 1 floor!
   246 | D:1      | Reached XP level 2. HP: 4/24 MP: 2/2
   508 | D:1      | HP: 1/24 [kobold/+1 dagger of electrocution (2)]
   510 | D:1      | Demolished by a kobold

Illustrated notes

Levels and vault maps discovered:
D:1:      tarquinn_simple_flora_water_c, layout_basic
D:2:      minmay_chambers_of_ones, layout_loops_ring, kennysheep_boxes,
          uniq_natasha

Action                   || total
-------------------------++-------
Melee: Long sword        ||    53
Armor: Scale mail        ||    26
Dodge: Dodged            ||    15
Block: Buckler           ||    18
